 Dungeon Crawl Stone Soup version 0.30-a0-358-g0d69a1922f (webtiles) character file.

Game seed: 3256304231692179162

208 funkygono the Firebug (level 5, -5/38 HPs)
             Began as a Draconian Fire Elementalist on Nov 8, 2022.
             Killed by divine providence
             ... invoked by an orc priest
              (12 damage)
             ... on level 4 of the Dungeon.
             The game lasted 00:04:32 (3036 turns).

funkygono the Firebug (Draconian Fire Elementalist) Turns: 3036, Time: 00:04:32

Health: -5/38      AC:  9    Str: 10    XL:     5   Next: 55%
Magic:  4/10       EV: 12    Int: 17    God:
Gold:   97         SH:  0    Dex: 12    Spells: 0/10 levels left

rFire   . . .      SeeInvis .    f - +3 great sword
rCold   . . .      Faith    .    (shield currently unavailable)
rNeg    . . .      Spirit   .    (body armour unavailable)
rPois   .          Reflect  .    (helmet restricted)
rElec   .          Harm     .    o - +0 cloak
rCorr   .          Rampage  .    g - +1 pair of gloves
Will    .....                    e - +0 pair of boots
Stlth   ++........               (no amulet)
HPRegen 0.26/turn                (no ring)
MPRegen 0.12/turn                (no ring)

@: no status effects
A: AC +5, unfitting armour, cold-blooded
a: no special abilities


You were on level 4 of the Dungeon.
You visited 1 branch of the dungeon, and saw 4 of its levels.

You collected 160 gold pieces.
You spent 63 gold pieces at shops.

Inventory:

Hand Weapons
 f - a +3 great sword (weapon)
 k - a +2 whip of electrocution
 n - a +3 quarterstaff of chaos
Armour
 e - a +0 pair of boots (worn)
 g - a +1 pair of gloves (worn)
 o - a +0 cloak (worn)
Potions
 a - a potion of magic
 b - a potion of mutation
 c - 2 potions of curing
 d - 3 potions of lignification {unknown}
 i - a potion of might {unknown}
 j - a potion of flight {unknown}
 l - a potion of brilliance {unknown}


   Skills:
 + Level 0.2 Fighting
 + Level 1.0 Long Blades
 + Level 2.1 Dodging
 + Level 2.3 Stealth
 + Level 3.3 Spellcasting
 + Level 2.2 Conjurations
 + Level 4.3 Fire Magic


You couldn't memorise any spells.
You knew the following spells:

 Your Spells              Type           Power      Damage    Failure   Level
a - Foxfire               Conj/Fire      56%        2x1d6     4%          1
b - Scorch                Fire           34%        2d7       4%          2
c - Kindle Blastsparks    Fire/Tloc/Air  14%        2d11      28%         3
d - Flame Wave            Conj/Fire      14%        2d6       41%         4

Your spell library contained the following spells:

 Spells                   Type           Power      Damage    Failure   Level
 Sting                    Tmut/Pois      8%         1d3       17%         1
 Inner Flame              Hex/Fire       10%        N/A       21%         3
 Poisonous Vapours        Pois/Air       4%         N/A       26%         2
 Olgreb's Toxic Radiance  Pois           2%         N/A       86%         4


Dungeon Overview and Level Annotations

Branches:
Dungeon (4/15)
 Temple: D:4-7

Altars:
Cheibriados

Shops:
D:2 [

Annotations:
D:4 Natasha


Innate Abilities, Weirdness & Mutations

Your plain brown scales are hard. (AC +5)
You cannot fit into any form of body armour.
You are cold-blooded and may be slowed by cold attacks.


Message History

Casting: Foxfire (safe; 4% risk of failure)
Confirm with . or Enter, or press ? or * to list all spells.
You conjure some foxfire!
The foxfire hits Natasha.
Natasha is severely wounded.
The orc wizard hits you but does no damage.
Natasha mumbles some strange words.
Unknown command.
Casting: Foxfire (safe; 4% risk of failure)
Confirm with . or Enter, or press ? or * to list all spells.
There is not enough space to conjure foxfire!
Unknown command.
Your foxfire dissipates!
The foxfire hits the orc.
The orc is lightly wounded.
The orc priest mumbles some strange prayers to Beogh against you.
Beogh smites you!
* * * LOW HITPOINT WARNING * * *
The orc hits you but does no damage.
You feel better. The orc wizard casts a spell at you.
The puff of flame hits you.
An orc comes into view. It is wielding a +0 hand axe.
The orc hits you with a +0 mace. The orc attacks as you move away!
The orc closely misses you.
Natasha mumbles some strange words.
The crimson imp attacks as you move away!
The crimson imp completely misses you. The orc wizard casts a spell at you.
The puff of flame hits you.
* * * LOW HITPOINT WARNING * * *
The crimson imp grins evilly.
The crimson imp misses you.
The crimson imp attacks as you move away!
The crimson imp barely misses you.
There is a stone staircase leading up here.
Natasha claws you.
* * * LOW HITPOINT WARNING * * *
The orc priest mumbles some strange prayers to Beogh against you.
Beogh smites you!
You die...

#.......#
#.......#
#.......#
#.......#
#.......# ....#
#.......# ....#
#.o.....# ....#
#@o5....# ....#
#.h.o...# .o..# .
#.5o..o.+ .5. ..
#.......##'####...
#.....o.5.....†...
#.......o......###
#..†....o..o...#
#..............#
#.......########


You could see 2 orc priests, 2 orc wizards, Natasha, a crimson imp (summoned), a
white imp (summoned), a shadow imp (summoned) and 4 orcs.

Vanquished Creatures
  A hound (D:4)
  Crazy Yiuf (D:2)
  2 orc wizards (D:3)
  3 adders (D:3)
  2 dart slugs
  2 worms (D:3)
  4 orcs (D:3)
  5 ball pythons
  4 endoplasms
  2 giant cockroaches
  5 goblins
  4 hobgoblins
  4 kobolds
  3 quokkas
  5 bats
  7 frilled lizards
  9 rats
63 creatures vanquished.

Vanquished Creatures (others)
  173 foxfires
173 creatures vanquished.

Grand Total: 236 creatures vanquished

Notes
Turn   | Place    | Note
-------+----------+-------------------------------------------
     0 | D:1      | funkygono the Draconian Fire Elementalist began the quest
                  | for the Orb.
     0 | D:1      | Reached XP level 1. HP: 14/14 MP: 3/3
   279 | D:1      | Reached XP level 2. HP: 20/20 MP: 3/5
   282 | D:1      | Learned a level 2 spell: Scorch
  1014 | D:2      | Reached XP level 3. HP: 20/26 MP: 0/6
  1018 | D:2      | Learned a level 3 spell: Kindle Blastsparks
  1090 | D:2      | Found Coteomaw's Armour Boutique.
  1098 | D:2      | Bought a +0 pair of boots for 63 gold pieces
  1677 | D:2      | Found a faded altar of an unknown god.
  1905 | D:2      | Found a runed translucent door.
  1906 | D:2      | Noticed Crazy Yiuf
  1981 | D:2      | Killed Crazy Yiuf
  1982 | D:2      | Reached XP level 4. HP: 6/33 MP: 0/8
  2444 | D:3      | Reached skill level 4 in Fire Magic
  2475 | D:3      | Reached XP level 5. HP: 20/38 MP: 1/9
  2701 | D:3      | Found a snail-covered altar of Cheibriados.
  2937 | D:3      | Learned a level 4 spell: Flame Wave
  3012 | D:4      | Noticed Natasha
  3014 | D:4      | Reached skill level 1 in Long Blades
  3036 | D:4      | Killed from afar by an orc priest

Illustrated notes

Levels and vault maps discovered:
D:1:      saegor_arrival_under_anarchy, layout_loops_ring, minmay_pentomino_r4
D:2:      layout_loops_ring, serial_shops, shop,
          shapermc_ecumenical_altar_petra, chequers_decorated_corner,
          hangedman_glass_teeth, uniq_crazy_yiuf_cottage
D:3:      layout_rooms, mainiacjoe_overflow_catwalk
D:4:      layout_gridville, led_sif_pool, gup_sewer_entry_glass, uniq_pikel,
          uniq_grinder, uniq_natasha, uniq_duvessa

Skill      XL: |  1  2  3  4  5 |
---------------+----------------+-----
Stealth        | 2 |  2.3
Dodging        | 2 |  2.1
Fire Magic     | 4 |  4.3
Spellcasting   | 3 |  3.3
Conjurations   | 2 |  2.2
Long Blades    | 1 |  1.0
Fighting       | |  0.2

Action                   |  1- 3 |  4- 6 || total
-------------------------+-------+-------++-------
Melee: Great sword       |     5 |    20 ||    25
       Tailslap          |     1 |     3 ||     4
 Cast: Foxfire           |    50 |    47 ||    97
       Scorch            |     3 |     3 ||     6
  Use: Scroll            |     1 |     7 ||     8
       Potion            |       |     1 ||     1
Armor: Skin              |    10 |    32 ||    42
Dodge: Dodged            |    14 |    26 ||    40

Table legend: (Time is in decaauts)
 A = Elapsed time spent in this place.
 B = Non-inter-level travel time spent in this place.
 C = Inter-level travel time spent in this place.
 D = Time resting spent in this place.
 E = Time spent auto-exploring this place.
 F = Levels seen in this place.
 G = Mean time per level.
                   A        B        C        D        E       F      G
               +--------+--------+--------+--------+--------+-----+--------+
         Total |   3051 |   2930 |    121 |     64 |   2434 |   4 |  762.8 |
       Dungeon |   3051 |   2930 |    121 |     64 |   2434 |   4 |  762.8 |
               +--------+--------+--------+--------+--------+-----+--------+

Top non-repeatable levels by time:
     D:2: 1183 daAuts
     D:1: 954 daAuts
     D:3: 827 daAuts
     D:4: 86 daAuts
